 Dungeon Crawl Stone Soup version 0.29.1-1-gd02db69 (webtiles) character file.

Game seed: 12176433510559132829

14 Dorkslayer the Trooper (level 2, -1/27 HPs)
             Began as a Hill Orc Fighter on Oct 18, 2022.
             Slain by a goblin
             ... wielding a +2 morningstar of protection
              (4 damage)
             ... on level 1 of the Dungeon.
             The game lasted 00:00:39 (422 turns).

Dorkslayer the Trooper (Hill Orc Fighter)            Turns: 422, Time: 00:00:39

Health: -1/27      AC:  6    Str: 18    XL:     2   Next: 41%
Magic:  2/2        EV:  9    Int:  8    God:
Gold:   22         SH:  4    Dex: 10    Spells: 1/1 levels left

rFire   . . .      SeeInvis .   a - +0 war axe
rCold   . . .      Faith    .   c - +0 buckler
rNeg    . . .      Spirit   .   b - +0 scale mail
rPois   .          Reflect  .   (no helmet)
rElec   .          Harm     .   (no cloak)
rCorr   .          Rampage  .   (no gloves)
Will    .....                   (no boots)
Stlth   ..........              (no amulet)
HPRegen 0.09/turn               (no ring)
MPRegen 0.08/turn               (no ring)

@: no status effects
A: no striking features
a: no special abilities


You were on level 1 of the Dungeon.
You visited 1 branch of the dungeon, and saw 1 of its levels.

You collected 22 gold pieces.

Inventory:

Hand Weapons
 a - a +0 war axe (weapon)
Armour
 b - a +0 scale mail (worn)
 c - a +0 buckler (worn)
Potions
 d - a potion of might
 e - a potion of berserk rage {unknown}
 f - a potion of cancellation {unknown}
 g - a potion of attraction {unknown}


   Skills:
 + Level 3.8 Fighting
 + Level 2.9 Axes
 + Level 3.4 Armour
 * Level 0.4 Dodging
 + Level 3.5 Shields


You had one spell level left.
You didn't know any spells.
Your spell library was empty.

Dungeon Overview and Level Annotations

Branches:
Dungeon (1/15)

Altars:


Message History

A goblin opens the door.
It is wielding a +0 dagger.
The goblin shouts!
You see here a clear potion.
e - a clear potion You closely miss the goblin.
The goblin hits you but does no damage.
You hit the goblin.
You kill the goblin!
A kobold comes into view.
It is wielding a +2 dagger of electrocution.
Things that are here:
a +0 dagger; a smoky dark potion; 9 gold pieces You see here an orange potion.
f - an orange potion The kobold shouts!
You hear a shout!
The kobold throws a stone.
The stone hits you but does no damage.
Things that are here:
a +0 dagger; a smoky dark potion; 9 gold pieces
g - a smoky dark potion You now have 22 gold pieces (gained 9).
The kobold throws a stone.
The stone hits you but does no damage.
A goblin comes into view.
It is wielding a +2 morningstar of protection.
The kobold throws a stone.
You block the stone. The kobold hits you but does no damage.
You slash the kobold!
You kill the kobold!
The goblin completely misses you.
There is an open door here.
Things that are here:
a +2 dagger of electrocution; a stone; a potion of might You barely miss the goblin.
The goblin hits you with a +2 morningstar of protection.
You closely miss the goblin. The goblin hits you but does no damage.
The goblin hits you with a +2 morningstar of protection!
You barely miss the goblin.
The goblin hits you with a +2 morningstar of protection!
* * * LOW HITPOINT WARNING * * *
A hobgoblin comes into view.
You miss the goblin.
The hobgoblin shouts!
The goblin hits you with a +2 morningstar of protection.
You die...

###############
.......#......##########
.......#......#.........
.......#......#.........
......g@...)..#.........
.......#......#.........
.......#......#.........
.......#####'##.........
g...... ####.###########
...#### #........#
##.######........#######
#...............'†.....
................#######


You could see a hobgoblin and a goblin.

Vanquished Creatures
  2 ball pythons (D:1)
  An endoplasm (D:1)
  A goblin (D:1)
  4 jackals (D:1)
  2 kobolds (D:1)
  A rat (D:1)
11 creatures vanquished.

Notes
Turn   | Place    | Note
-------+----------+-------------------------------------------
     0 | D:1      | Dorkslayer the Hill Orc Fighter began the quest for the
                  | Orb.
     0 | D:1      | Reached XP level 1. HP: 19/19 MP: 1/1
   358 | D:1      | Reached XP level 2. HP: 25/27 MP: 2/2
   422 | D:1      | Slain by a goblin

Illustrated notes

Levels and vault maps discovered:
D:1:      shiori_angband_town, layout_basic

Action                   || total
-------------------------++-------
Melee: War axe           ||    38
Armor: Scale mail        ||    21
Dodge: Dodged            ||    19
Block: Buckler           ||    10
